 Dungeon Crawl Stone Soup version 0.26.0-10-g1f06aea511 (webtiles) character file.

Game seed: 16595791641023537132

2939 Dirian the Carver (level 9, -4/78 HPs)
             Began as a Minotaur Fighter on Jan 21, 2021.
             Slain by a slime creature (7 damage)
             ... on level 7 of the Dungeon.
             The game lasted 00:11:39 (8785 turns).

Dirian the Carver (Minotaur Fighter)                Turns: 8785, Time: 00:11:40

Health: -4/78      AC: 15    Str: 22    XL:     9   Next: 51%
Magic:  8/8        EV:  8    Int:  5    God:
Gold:   351        SH: 11    Dex: 12    Spells: 8/8 levels left

rFire    . . .     SeeInvis .   a - +1 long sword
rCold    . . .     Faith    .   c - +1 kite shield
rNeg     . . .     Spirit   .   r - +0 chain mail
rPois    .         Reflect  .   (helmet restricted)
rElec    .         Harm     .   (no cloak)
rCorr    .         Rampage  .   f - +0 pair of gloves
Will     .....                  t - +2 pair of boots
Stlth    ..........             (no amulet)
HPRegen  0.23/turn              (no ring)
MPRegen  0.11/turn              (no ring)

@: no status effects
A: retaliatory headbutt, horns 2
a: no special abilities


You were on level 7 of the Dungeon.
You visited 2 branches of the dungeon, and saw 8 of its levels.

You collected 351 gold pieces.

Inventory:

Hand Weapons
 a - a +1 long sword (weapon)
 j - a cursed -3 hand axe
Armour
 c - a +1 kite shield (worn)
 f - a +0 pair of gloves (worn)
 l - a +0 plate armour
 r - a +0 chain mail (worn)
 t - a +2 pair of boots (worn)
Jewellery
 o - an uncursed amulet of reflection {unknown}
Wands
 b - a wand of acid (8)
 u - a wand of iceblast (15)
Scrolls
 p - 3 scrolls of immolation {unknown}
 q - a scroll of enchant weapon
 x - 3 scrolls of remove curse
Potions
 e - a potion of heal wounds {unknown}
 g - a potion of cancellation
 h - 3 potions of haste
 i - 3 potions of flight
 k - a potion of berserk rage {unknown}
 m - a potion of attraction
 n - 2 potions of ambrosia


   Skills:
 + Level 6.6 Fighting
 + Level 9.1 Long Blades
 + Level 8.2 Armour
 - Level 5.0 Dodging
 - Level 5.0 Shields
 - Level 5.0 Evocations


You had 8 spell levels left.
You didn't know any spells.
Your spell library contained the following spells:

 Spells                   Type           Power        Failure   Level
 Shock                    Conj/Air       0%           100%        1
 Swiftness                Air            0%           100%        2
 Static Discharge         Conj/Air       0%           100%        3
 Airstrike                Air            0%           100%        4
 Lightning Bolt           Conj/Air       0%           100%        5


Dungeon Overview and Level Annotations

Branches:
Dungeon (7/15)             Temple (1/1) D:6

Altars:
Ashenzari
Dithmenos
Elyvilon
Fedhas
Gozag
Hepliaklqana
Kikubaaqudgha
Makhleb
Nemelex Xobeh
Okawaru
Qazlal
Ru
Sif Muna
Trog
Uskayaw
Vehumet
Wu Jian
Xom
Zin
The Shining One

Annotations:
D:3 2 transporters, inmateoo's ghost, weakling FeTm


Innate Abilities, Weirdness & Mutations

You reflexively headbutt those who attack you in melee.
You have a pair of horns on your head.


Message History

You block the slime creature's attack.
The slime creature hits you but does no damage.
You slash the slime creature!
You headbutt the slime creature, but do no damage.
The slime creature is severely wounded.
The slime creature hits you. You block the slime creature's attack.
You hit the slime creature.
The slime creature is severely wounded.
The slime creature hits you!
* * * LOW HITPOINT WARNING * * *
The slime creature hits you!
* * * LOW HITPOINT WARNING * * *
You hit the slime creature.
The slime creature is almost dead.
The slime creature closely misses you.
You riposte.
You hit the slime creature but do no damage.
You headbutt the slime creature!
You kill the slime creature!
The slime creature hits you!
You die...

#######
###.....######
#.....@......#
#....J....##.#
#.......####.#
###### #.....####
#.###....## ######
#.#.......##
###...(......#
###.............
##...............
###########
##[...............


You could see a slime creature.

Vanquished Creatures
  Prince Ribbit (D:6)
  3 slime creatures
  The ghost of sanka the Covert, an amateur NaDe (D:5)
  An ice beast (D:6)
  An eye of draining (D:6)
  A black bear (D:7)
  An orc warrior (D:7)
  A sky beast (D:4)
  3 ogres
  2 centaurs (D:5)
  Blork the orc (D:5)
  4 bullfrogs
  3 big kobolds
  3 scorpions
  A jelly (D:6)
  An orc priest (D:7)
  A gnoll shaman (D:4)
  A bullfrog skeleton (D:5)
  9 orc wizards
  Ijyb (D:3)
  An iguana (D:6)
  A worker ant (D:6)
  Robin (D:3)
  A howler monkey skeleton (D:4)
  4 gnolls
  4 adders
  An ooze (D:1)
  A worm (D:2)
  2 dart slugs
  8 leopard geckos
  24 orcs
  10 bats
  9 giant cockroaches
  12 goblins
  10 hobgoblins
  2 jackals (D:2)
  4 quokkas
  A ball python (D:5)
  3 frilled lizards
  A jackal skeleton (D:7)
  13 kobolds
  A quokka skeleton (D:5)
  6 rats
160 creatures vanquished.

Notes
Turn   | Place    | Note
-------+----------+-------------------------------------------
     0 | D:1      | Dirian the Minotaur Fighter began the quest for the Orb.
     0 | D:1      | Reached XP level 1. HP: 19/19 MP: 0/0
   215 | D:1      | Reached XP level 2. HP: 18/26 MP: 1/1
   727 | D:2      | Found a sacrificial altar of Ru.
   738 | D:2      | Reached XP level 3. HP: 31/33 MP: 2/2
   763 | D:2      | Reached skill level 1 in Evocations
   930 | D:2      | Reached skill level 3 in Long Blades
  1309 | D:2      | Reached XP level 4. HP: 33/40 MP: 3/3
  1400 | D:3      | Noticed Ijyb
  1404 | D:3      | Paralysed by Ijyb for 7 turns
  1412 | D:3      | Paralysed by Ijyb for 4 turns
  1418 | D:3      | Killed Ijyb
  1419 | D:3      | Reached skill level 1 in Dodging
  1544 | D:3      | Noticed an earth elemental
  1545 | D:3      | Found a stormy altar of Qazlal.
  1547 | D:3      | Noticed an air elemental
  1548 | D:3      | Noticed a water elemental
  1548 | D:3      | Noticed a fire elemental
  1641 | D:3      | Noticed Robin
  1667 | D:3      | Killed Robin
  1746 | D:3      | Found a transporter.
  1748 | D:3      | Noticed inmateoo's ghost (weakling FeTm)
  1750 | D:3      | Found a transporter.
  2099 | D:4      | Reached XP level 5. HP: 45/46 MP: 4/4
  2600 | D:4      | Reached skill level 4 in Long Blades
  2820 | D:4      | Identified the +8 rapier "Giuh" {freeze, rN+ Will- Str+3
                  | Int+4 Stlth+}
  3214 | D:4      | Reached XP level 6. HP: 37/53 MP: 5/5
  3605 | D:5      | Entered Level 5 of the Dungeon
  3631 | D:5      | Noticed a sky beast
  3662 | D:4      | Killed a sky beast
  3663 | D:4      | Reached skill level 5 in Armour
  3663 | D:4      | Reached skill level 5 in Shields
  3875 | D:5      | Reached skill level 5 in Long Blades
  3875 | D:5      | Reached XP level 7. HP: 31/60 MP: 6/6
  4067 | D:5      | Noticed Blork the orc
  4072 | D:5      | Killed Blork the orc
  4124 | D:5      | Found a runed translucent gate.
  4124 | D:5      | Found a runed translucent gate.
  4124 | D:5      | Found a runed translucent gate.
  4125 | D:5      | Noticed sanka's ghost (amateur NaDe)
  4170 | D:5      | Killed sanka's ghost
  4171 | D:5      | Reached skill level 5 in Fighting
  4171 | D:5      | Reached skill level 6 in Long Blades
  4493 | D:5      | Reached XP level 8. HP: 65/68 MP: 7/7
  5033 | D:6      | Found an ancient bone altar of Kikubaaqudgha.
  5056 | D:6      | Found a bloodstained altar of Trog.
  5182 | D:6      | Reached skill level 7 in Long Blades
  5345 | D:6      | Noticed Prince Ribbit
  5362 | D:6      | Killed Prince Ribbit
  5619 | D:6      | Found a broken altar of Ashenzari.
  5816 | D:6      | Found a staircase to the Ecumenical Temple.
  6038 | D:6      | Found an opulent altar of Gozag.
  6064 | D:6      | Reached skill level 8 in Long Blades
  6314 | Temple   | Entered the Ecumenical Temple
  6640 | D:7      | Reached XP level 9. HP: 67/75 MP: 8/8
  7287 | D:7      | Reached skill level 5 in Dodging
  7609 | D:6      | Reached skill level 5 in Evocations
  8009 | D:7      | Reached skill level 9 in Long Blades
  8736 | D:7      | Found a shimmering altar of Xom.
  8784 | D:7      | HP: 2/78 [slime creature (14)]
  8785 | D:7      | Slain by a slime creature

Illustrated notes

Levels and vault maps discovered:
D:1:      lightli_arrival_statue_moat, layout_loops_ring, minmay_box_of_dots
D:2:      layout_rooms, overflow_temple_1_default
D:3:      layout_loops_ring, nicolae_qazlal_style_of_elements,
          gammafunk_ghost_mausoleum, uniq_ijyb, uniq_robin
D:4:      layout_basic, minmay_circle_x
D:5:      layout_basic, gammafunk_ghost_nasty_kobolds, kennysheep_minor_cross,
          uniq_blork_the_orc
D:6:      layout_basic, kiku_gazebo_pond_becter, nicolae_ashenzari_panopticon,
          nicolae_gozag_cash_rules_everything_around_me,
          minmay_temple_entry_stoned_glass, trog_eyes_of_draining,
          uniq_prince_ribbit1
D:7:      layout_cave_pods, general_overflow_altar, minivault_11,
          eino_small_chamber_without_monster, amcnicky_mini_rare_corridor_liquid
Temple:   eino_temple_water

Skill      XL: |  1  2  3  4  5  6  7  8  9 |
---------------+----------------------------+-----
Shields        | 4 5 |  5.0
Armour         | 4 5 6 7 8 |  8.2
Evocations     | 1 2 3 4 5 |  5.0
Long Blades    | 3 4 5 6 8 9 |  9.1
Dodging        | 1 3 4 5 |  5.0
Fighting       | 4 5 6 |  6.6

Action                   |  1- 3 |  4- 6 |  7- 9 || total
-------------------------+-------+-------+-------++-------
Melee: Long sword        |    94 |   132 |   289 ||   515
       Headbutt          |    13 |    21 |    61 ||    95
Evoke: Wand              |       |     1 |     8 ||     9
  Use: Scroll            |       |    14 |     3 ||    17
       Potion            |       |       |     2 ||     2
Armor: Scale mail        |    58 |    52 |   103 ||   213
       Skin              |       |       |     8 ||     8
       Chain mail        |       |       |    38 ||    38
Dodge: Dodged            |    30 |    42 |    88 ||   160
Block: Kite shield       |    59 |   101 |   162 ||   322
       Rpst.: Long sword |     4 |    14 |    16 ||    34
